 Dungeon Crawl Stone Soup version 0.28.0-43-g3370ac3207 (webtiles) character file.

Game seed: 11830262046931265126

4189 Kaptain the Geomancer (level 10, -10/61 HPs)
             Began as a Gargoyle Earth Elementalist on Mar 17, 2022.
             Mangled by Erica
             ... wielding a +4 scimitar of flaming
              (15 damage)
             ... on level 9 of the Dungeon.
             The game lasted 00:18:15 (10707 turns).

Kaptain the Geomancer (GrEE)                       Turns: 10707, Time: 00:18:16

Health: -10/61     AC: 13    Str: 11    XL:     10   Next: 29%
Magic:  21/37      EV: 14    Int: 21    God:
Gold:   312        SH:  0    Dex: 23    Spells: 17/21 levels left

rFire   . . .      SeeInvis .   o - +7 long sword of Gomuagy {venom, Fragile rCorr MP+9 Dex+7}
rCold   . . .      Faith    .   (no shield)
rNeg    + . .      Spirit   .   B - +0 leather armour
rPois   ∞          Reflect  .   (no helmet)
rElec   +          Harm     .   (no cloak)
rCorr   +          Rampage  .   l - +0 pair of gloves
Will    .....                   w - +0 pair of boots
Stlth   +++.......              k - amulet of the acrobat
HPRegen 0.20/turn               x - +6 ring of dexterity
MPRegen 0.25/turn               a - ring of magical power

@: slowed, very slow
A: sickness immunity, AC +7, negative energy resistance 1, electricity
resistance, torment resistance 1, petrification resistance
a: no special abilities


You were on level 9 of the Dungeon.
You visited 2 branches of the dungeon, and saw 10 of its levels.

You collected 312 gold pieces.

Inventory:

Hand Weapons
 d - a +5 battleaxe
 o - the +7 long sword of Gomuagy (weapon) {venom, Fragile rCorr MP+9 Dex+7}
   (You found it on level 9 of the Dungeon)

   It poisons the flesh of those it strikes.
   Dex:       It affects your dexterity (+7).
   MP:        It affects your magic capacity (+9).
   rCorr:     It protects you from acid and corrosion.
   Fragile:   It will be destroyed if unequipped.
 q - a +7 falchion
 u - a +2 short sword of flaming
 v - a +2 dagger of venom
Missiles
 c - 127 stones
 y - 3 javelins
Armour
 l - a +0 pair of gloves (worn)
 w - a +0 pair of boots (worn)
 B - a +0 leather armour (worn)
Jewellery
 a - a ring of magical power (right hand)
 k - an amulet of the acrobat (around neck)
 m - a ring of flight
 x - a +6 ring of dexterity (left hand)
 z - a ring of willpower
Wands
 b - a wand of iceblast (9)
 F - a wand of acid (25)
Scrolls
 f - a scroll of silence {unknown}
 g - a scroll of enchant weapon
 h - 3 scrolls of teleportation
 j - a scroll of fear
 p - a scroll of magic mapping
 s - a scroll of acquirement
 t - 3 scrolls of fog
 A - 3 scrolls of enchant armour
Potions
 e - a potion of mutation
 i - a potion of brilliance
 n - 4 potions of heal wounds
 r - 3 potions of haste
 C - a potion of flight
 D - 2 potions of resistance
 H - a potion of ambrosia
 J - 2 potions of invisibility
 L - 2 potions of degeneration {unknown}


   Skills:
 * Level 6.7 Fighting
 + Level 4.5 Armour
 + Level 3.9 Dodging
 - Level 5.0 Stealth
 * Level 6.1 Spellcasting
 * Level 6.8 Conjurations
 - Level 0.7 Transmutations
 * Level 8.5 Earth Magic


You had 17 spell levels left.
You knew the following spells:

 Your Spells              Type           Power      Damage    Failure   Level
a - Sandblast             Erth           84%        2d18      1%          1
b - Stone Arrow           Conj/Erth      76%        3d11      1%          3

Your spell library contained the following spells:

 Spells                   Type           Power      Damage    Failure   Level
 Passwall                 Tmut/Erth      20%        N/A       2%          2
 Static Discharge         Conj/Air       20%        N/A       4%          2
 Dazzling Flash           Conj/Hex       40%        N/A       9%          3
 Animate Skeleton         Necr           12%        N/A       12%         1
 Apportation              Tloc           12%        N/A       12%         1
 Summon Small Mammal      Summ           24%        N/A       12%         1
 Corpse Rot               Necr/Air       12%        N/A       19%         2
 Petrify                  Tmut/Erth      25%        N/A       19%         4
 Leda's Liquefaction      Hex/Erth       12%        N/A       22%         4
 Call Canine Familiar     Summ           6%         N/A       36%         3
 Inner Flame              Hex/Fire       6%         N/A       36%         3
 Portal Projectile        Hex/Tloc       12%        N/A       36%         3
 Lightning Bolt           Conj/Air       10%        1d23      63%         5
 Cause Fear               Hex            3%         N/A       77%         4
 Dispel Undead            Necr           6%         3d8       77%         4
 Agony                    Necr           6%         N/A       98%         5
 Silence                  Hex/Air        3%         N/A       98%         5
 Death Channel            Necr           3%         N/A       100%        6
 Discord                  Hex            3%         N/A       100%        8
 Maxwell's Capacitive Co  Air            3%         ∞         100%        8


Dungeon Overview and Level Annotations

Branches:
Dungeon (9/15)             Temple (1/1) D:5
   Lair: D:8-11         Orc: D:9-12

Altars:
Ashenzari
Dithmenos
Elyvilon
Fedhas
Kikubaaqudgha
Makhleb
Nemelex Xobeh
Qazlal
Ru
Sif Muna
Trog
Uskayaw
Vehumet
Wu Jian
Xom
Yredelemnul
The Shining One
Lugonu

Shops:
D:5 =

Annotations:
D:3 1 runed translucent door, Crazy Yiuf
D:9 Erica


Innate Abilities, Weirdness & Mutations

You are immune to sickness and miasma.
Your stone body is resilient. (AC +7)
You are immune to poison.
You resist negative energy. (rN+)
You are resistant to electric shocks. (rElec)
You are resistant to unholy torment.
You are immune to petrification.


Message History

Aim: Erica, wielding a +4 scimitar of flaming and wearing a +0 robe (moderately wounded, 71% to hit)
The stone arrow hits Erica!
Erica is heavily wounded.
Erica misses you.
Casting: Stone Arrow (safe; 1% risk of failure)
Confirm with . or Enter, or press ? or * to list all spells.
Aiming: Stone Arrow (safe; 1% risk of failure)
Press: ? - help, Shift-Dir - straight line, f/p - Erica
Aim: Erica, wielding a +4 scimitar of flaming and wearing a +0 robe (heavily wounded, 71% to hit)
The stone arrow hits Erica!!
Erica is severely wounded.
Erica hits you with a +4 scimitar of flaming!
Erica burns you. Erica closely misses you.
Casting: Stone Arrow (safe; 1% risk of failure)
Confirm with . or Enter, or press ? or * to list all spells.
Aiming: Stone Arrow (safe; 1% risk of failure)
Press: ? - help, Shift-Dir - straight line, f/p - Erica
Aim: Erica, wielding a +4 scimitar of flaming and wearing a +0 robe (severely wounded, 71% to hit)
The stone arrow hits Erica!
Erica is almost dead.
Erica mumbles some strange words.
Erica flickers and vanishes!
Deactivating autopickup; reactivate with Ctrl-A.
Casting: Stone Arrow (safe; 1% risk of failure)
Confirm with . or Enter, or press ? or * to list all spells.
Aiming: Stone Arrow (safe; 1% risk of failure)
Press: ? - help, Shift-Dir - straight line, f - you That beam is likely to hit you.
Continue anyway?
Okay, then.
Unknown command.
Casting: Stone Arrow (safe; 1% risk of failure)
Confirm with . or Enter, or press ? or * to list all spells.
Aiming: Stone Arrow (safe; 1% risk of failure)
Press: ? - help, Shift-Dir - straight line Something hits you!
* * * LOW HITPOINT WARNING * * *
Something burns you!
* * * LOW HITPOINT WARNING * * *
Something hits you!
You die...

#### ######..... #
#.......#.#.#
#.########..@{.......##.#.
.........#.#..............#
.........#.####>..........##.
.........#.####..............
..............#..............
#######.##.####.............
#######
#.##.####...<.......###
#.....##
#.##..................#
#.###..#
#.###.###..##..#.#..#.#


There were no monsters in sight!

Vanquished Creatures
  A hornet (D:5)
  A wyvern (D:9)
  A shadow (D:9)
  2 steam dragons
  4 water moccasins
  A black bear (D:6)
  An ice beast (D:5)
  A sky beast (D:7)
  An orc warrior (D:9)
  A necrophage (D:6)
  2 ogres (D:5)
  2 centaurs
  2 kobold brigands
  4 bullfrogs
  Blork the orc (D:6)
  A wyvern zombie (D:8)
  2 scorpions
  A water moccasin zombie (D:7)
  A killer bee (D:9)
  8 wights
  3 howler monkeys
  2 jellies
  A centaur zombie (D:9)
  2 gnoll shamans
  3 hounds
  2 orc priests
  2 bullfrog skeletons
  2 iguanas
  2 scorpion zombies (D:5)
  7 orc wizards
  A hound skeleton (D:4)
  A howler monkey zombie (D:9)
  19 gnolls
  6 adders
  An adder skeleton (D:3)
  2 worms
  8 dart slugs
  35 orcs
  10 endoplasms
  3 giant cockroaches
  9 goblins
  5 hobgoblins
  5 jackals
  5 quokkas
  8 ball pythons
  2 bats (D:1)
  4 frilled lizards
  8 kobolds
  5 rats
201 creatures vanquished.

Vanquished Creatures (others)
  A plant (D:4)
1 creature vanquished.

Grand Total: 202 creatures vanquished

Notes
Turn   | Place    | Note
-------+----------+-------------------------------------------
     0 | D:1      | Kaptain the Gargoyle Earth Elementalist began the quest for
                  | the Orb.
     0 | D:1      | Reached XP level 1. HP: 10/10 MP: 3/3
    88 | D:1      | Reached XP level 2. HP: 7/16 MP: 0/5
   577 | D:1      | Reached skill level 1 in Conjurations
   780 | D:1      | Reached skill level 1 in Fighting
   930 | D:1      | Reached XP level 3. HP: 20/20 MP: 1/6
  1269 | D:1      | Found a faded altar of an unknown god.
  1278 | D:1      | Reached skill level 4 in Earth Magic
  1555 | D:2      | Learned a level 3 spell: Stone Arrow
  1719 | D:2      | Reached skill level 1 in Armour
  1850 | D:2      | Reached XP level 4. HP: 15/25 MP: 5/7
  2980 | D:3      | Found a runed translucent door.
  2981 | D:3      | Noticed Crazy Yiuf
  3685 | D:3      | Noticed a kobold brigand
  3695 | D:3      | Killed a kobold brigand
  3696 | D:3      | Reached XP level 5. HP: 21/30 MP: 6/8
  4245 | D:4      | Reached XP level 6. HP: 30/36 MP: 10/10
  4403 | D:4      | You are sucked into a shaft and drop 1 floor!
  4403 | D:5      | Entered Level 5 of the Dungeon
  4417 | D:5      | Noticed a hornet
  4440 | D:5      | Killed a hornet
  4441 | D:5      | Reached skill level 5 in Earth Magic
  4441 | D:5      | Reached XP level 7. HP: 9/41 MP: 2/11
  4819 | D:5      | Found a staircase to the Ecumenical Temple.
  4830 | Temple   | Entered the Ecumenical Temple
  4895 | D:5      | Found Namecueb's Jewellery Emporium.
  5034 | D:4      | Found an ancient bone altar of Kikubaaqudgha.
  5382 | D:4      | Found a blossoming altar of Fedhas.
  5929 | D:5      | Reached XP level 8. HP: 48/48 MP: 12/13
  6216 | D:5      | Reached skill level 6 in Earth Magic
  6884 | D:6      | Noticed Blork the orc
  6888 | D:6      | Killed Blork the orc
  7351 | D:6      | Found a white marble altar of Elyvilon.
  7499 | D:6      | Reached skill level 5 in Conjurations
  7499 | D:6      | Reached XP level 9. HP: 52/53 MP: 14/15
  7593 | D:6      | Reached skill level 5 in Fighting
  7716 | D:6      | Found a shimmering blue altar of Sif Muna.
  7717 | D:6      | Found a stormy altar of Qazlal.
  7718 | D:6      | Found a glowing golden altar of the Shining One.
  7945 | D:7      | Reached skill level 7 in Earth Magic
  8007 | D:7      | Reached skill level 5 in Spellcasting
  8080 | D:7      | Reached skill level 5 in Stealth
  9109 | D:8      | Identified a scroll of acquirement
  9415 | D:8      | Reached skill level 8 in Earth Magic
  9480 | D:8      | Reached XP level 10. HP: 60/60 MP: 17/18
  9583 | D:8      | Found a burning altar of Makhleb.
  9583 | D:8      | Noticed a balrug
 10296 | D:9      | Found an ornate altar of the Wu Jian Council.
 10306 | D:9      | Identified the +7 long sword of Gomuagy {venom, Fragile
                  | rCorr MP+9 Dex+7}
 10486 | D:9      | Found a shimmering altar of Xom.
 10698 | D:9      | Noticed Erica
 10707 | D:9      | Mangled by Erica

Illustrated notes

Levels and vault maps discovered:
D:1:      lightli_arrival_isolated_outpost, layout_rooms,
          hellmonk_ecumenical_altar_heavens_door
D:2:      layout_loops_corners
D:3:      minmay_skewed_foursquare, layout_loops_ring, minmay_tree_intersection,
          uniq_crazy_yiuf_cottage
D:4:      layout_loops_ring, fedhas_altar_1, overflow_temple_1_default
D:5:      layout_gridville, minmay_temple_entry_large_hall, serial_shops,
          shop_statue
D:6:      layout_cave_pools, chequers_temple_overflow_statue_of_worship,
          minivault_25, uniq_blork_the_orc
D:7:      layout_basic
D:8:      layout_gridville, makhleb_altar_promises_db
D:9:      layout_basic, mainiacjoe_overflow_concentric_impassable,
          mainiacjoe_overflow_six_doors_small, minmay_overflow_temple_star_quad,
          minivault_19, hangedman_minor_gate_pass, uniq_erica
Temple:   corrupted_temple

Skill      XL: |  1  2  3  4  5  6  7  8  9 10 |
---------------+-------------------------------+-----
Conjurations   | 1 2 3 5 6 |  6.8
Fighting       | 1 2 3 4 6 |  6.7
Earth Magic    | 4 5 6 8 |  8.5
Armour         | 1 2 3 4 |  4.5
Stealth        | 3 4 5 |  5.0
Dodging        | 2 3 |  3.9
Spellcasting   | 3 4 5 6 |  6.1
Transmutations | |  0.7

Action                   |  1- 3 |  4- 6 |  7- 9 | 10-12 || total
-------------------------+-------+-------+-------+-------++-------
Melee: Short sword       |    75 |    63 |       |       ||   138
       Quarterstaff      |       |    24 |       |       ||    24
       Dagger            |       |     9 |    68 |       ||    77
       Punch             |       |       |     2 |       ||     2
       Falchion          |       |       |     8 |       ||     8
       Long sword        |       |       |       |    13 ||    13
       Battleaxe         |       |       |       |     3 ||     3
 Cast: Sandblast         |    33 |    49 |    26 |       ||   108
       Stone Arrow       |       |       |   114 |    42 ||   156
  Use: Potion            |       |     2 |       |     1 ||     3
       Scroll            |       |       |    18 |     2 ||    20
 Stab: Sleeping          |     1 |     1 |     3 |     1 ||     6
       Distracted        |     1 |       |       |       ||     1
Armor: Robe              |    34 |    33 |    11 |       ||    78
       Skin              |       |     2 |     1 |       ||     3
       Leather armour    |       |       |    20 |    19 ||    39
Dodge: Dodged            |    43 |    84 |    63 |    20 ||   210
